 Dungeon Crawl Stone Soup version 0.29.0-15-g675c0067aa (webtiles) character file.

Game seed: 14543249753585094455

45 qw the Chopper (level 3, 0/30 (31) HPs)
             Began as a Minotaur Berserker on Sept 12, 2022.
             Was a Follower of Trog.
             Succumbed to a kobold's poison
             ... on level 3 of the Dungeon.
             The game lasted 00:00:30 (2568 turns).

qw the Chopper (Minotaur Berserker)                 Turns: 2568, Time: 00:00:31

HP:   0/30 (31)     AC:  3    Str: 23    XL:     3   Next: 42%
MP:   2/2           EV: 11    Int:  4    God:    Trog [*.....]
Gold: 102           SH:  0    Dex:  9    Spells: 2/2 levels left

rFire   . . .      SeeInvis .   Y - +0 hand axe (freeze)
rCold   . . .      Faith    .   (no shield)
rNeg    . . .      Spirit   .   k - +0 leather armour
rPois   .          Reflect  .   (helmet restricted)
rElec   .          Harm     .   (no cloak)
rCorr   .          Rampage  .   (no gloves)
Will    .....                   (no boots)
Stlth   +.........              (no amulet)
HPRegen 0.10/turn               (no ring)
MPRegen 0.08/turn               (no ring)

@: lethally poisoned (0 -> -13), lightly drained
A: horns 2, retaliatory headbutt
a: Renounce Religion, Berserk


You were on level 3 of the Dungeon.
You worshipped Trog.
Trog was aware of your devotion.
You visited 1 branch of the dungeon, and saw 3 of its levels.

You collected 102 gold pieces.


Innate Abilities, Weirdness & Mutations

You have a pair of horns on your head.
You reflexively headbutt those who attack you in melee.


   Skills:
 - Level 3.6 Fighting
 + Level 5.5 Axes
 - Level 2.4 Armour
 - Level 2.1 Dodging


You had 2 spell levels left.
You didn't know any spells.
Your spell library was empty.

Inventory:

Hand Weapons
 h - a +0 mace
 Y - a +0 hand axe of freezing (weapon)
Armour
 f - a +0 cloak
 k - a +0 leather armour (worn)
Scrolls
 a - a scroll of identify
Potions
 b - a potion of haste {unknown}
 c - a potion of might
 d - 2 potions of curing
 e - a potion of degeneration {unknown}
 n - a potion of cancellation {unknown}

Dungeon Overview and Level Annotations

Branches:
Dungeon (3/15)

Altars:


Message History

A goblin comes into view. It is wielding a +2 dagger of draining.
The goblin shouts!
You hit the goblin but do no damage. The goblin closely misses you.
You closely miss the goblin.
The goblin hits you with a +2 dagger of draining.
You feel drained.
You completely miss the goblin. Your headbutt misses the goblin.
The goblin closely misses you.
You slash the goblin! You freeze the goblin.
You kill the goblin!
Trog accepts your kill.
You start resting.
HP restored.
Things that are here:
a +2 dagger of draining; a goblin corpse A kobold comes into view.
It is wielding a +0 dagger and quivering poisoned darts.
The kobold shouts!
The kobold throws a poisoned dart.
The poisoned dart barely misses you.
The kobold throws a poisoned dart.
The poisoned dart hits you!
You are poisoned.
You feel sick.
You feel sick.
The kobold throws a poisoned dart.
The poisoned dart hits you!
You are more poisoned.
2562 ||| FLEEEEING.
You feel very sick.
The kobold throws a poisoned dart.
The poisoned dart hits you!
You are lethally poisoned!
2563 ||| FLEEEEING.
You feel very sick.
2564 ||| FLEEEEING.
You feel very sick.
2565 ||| FLEEEEING.
You feel very sick.
The kobold throws a poisoned dart.
The poisoned dart hits you!
You are more poisoned.
2566 ||| FLEEEEING.
You feel very sick.
You feel very sick.
You die...

#.###...#
#.....#.#
#..#....#
#..#...<#
####.#####
#.....#
#####.##
#...#..# ##
#.#.##@# ..
#...##.#
#'##.##..##.#
.........##.#
......K.....#
.......######
.......
.......
#+#####


There were no monsters in sight!

Vanquished Creatures
  2 worms (D:2)
  A dart slug (D:1)
  5 ball pythons (D:1)
  6 bats
  2 endoplasms (D:1)
  A giant cockroach (D:1)
  6 goblins
  2 hobgoblins (D:2)
  2 kobolds (D:1)
  2 frilled lizards
  4 rats
33 creatures vanquished.

Notes
Turn   | Place    | Note
-------+----------+-------------------------------------------
     0 | D:1      | qw the Minotaur Berserker began the quest for the Orb.
     0 | D:1      | Reached XP level 1. HP: 19/19 MP: 0/0
     0 | D:1      | 0 ||| qw: Version: 0.1-a-119-g272c26d
     0 | D:1      | 0 ||| qw: Game counter: 10793
     0 | D:1      | 0 ||| qw: Always use a shield: true
     0 | D:1      | 0 ||| qw: Do Orc after D:15 true
     0 | D:1      | 0 ||| qw: Do second Lair branch before Depths: true
     0 | D:1      | 0 ||| qw: Lair rune preference: random
     0 | D:1      | 0 ||| qw: Plans: Normal
     0 | D:1      | 0 ||| PLANNING D:1-11
   146 | D:1      | Found a faded altar of an unknown god.
   407 | D:1      | Reached skill level 4 in Axes
   475 | D:1      | Reached XP level 2. HP: 26/26 MP: 1/1
   877 | D:1      | You fall into a shaft and drop 1 floor!
   888 | D:2      | 888 ||| INVOKING Berserk.
   892 | D:2      | Reached skill level 5 in Axes
  1013 | D:2      | 1013 ||| DROPPING +0 club.
  1059 | D:2      | Reached XP level 3. HP: 30/31 MP: 2/2
  1394 | D:2      | 1394 ||| UPGRADING to +0 leather armour.
  1404 | D:2      | 1404 ||| DROPPING +0 animal skin.
  1405 | D:2      | 1405 ||| DROPPING amulet of magic regeneration.
  1406 | D:2      | 1406 ||| READING 2 scrolls labelled SIOGGO PAONO.
  1407 | D:2      | 1407 ||| READING scroll labelled SEIHE WAHUD.
  1408 | D:2      | 1408 ||| READING scroll labelled IDYLOHEYBEMP.
  1413 | D:2      | 1413 ||| READING scroll labelled PUSHAN EPREBB.
  1414 | D:2      | 1414 ||| READING scroll labelled FEAMANE QEPILI.
  1415 | D:2      | 1415 ||| READING scroll labelled DASIMOM REUDUA.
  1416 | D:2      | 1416 ||| DRINKING 2 coppery potions.
  1417 | D:2      | 1417 ||| DRINKING 3 white potions.
  1434 | D:2      | 1434 ||| INVOKING Berserk.
  1654 | D:2      | Reached ** piety under Trog
  2562 | D:3      | 2562 ||| FLEEEEING.
  2563 | D:3      | 2563 ||| FLEEEEING.
  2564 | D:3      | 2564 ||| FLEEEEING.
  2565 | D:3      | 2565 ||| FLEEEEING.
  2566 | D:3      | 2566 ||| FLEEEEING.
  2566 | D:3      | HP: 6/30 [poisoned by a kobold]
  2568 | D:3      | Succumbed to a kobold's poison

Levels and vault maps discovered:
D:1:      co_arrival_random_square_maze, layout_loops_corners,
          shapermc_ecumenical_altar_ellora
D:2:      layout_loops_corners, kennysheep_generic_room_3
D:3:      layout_basic

Skill      XL: |  1  2 |
---------------+-------+-----
Axes           | 4 5 |  5.5
Fighting       | |  3.6
Armour         | |  2.4
Dodging        | |  2.1

Action                   || total
-------------------------++-------
Melee: Hand axe          ||    67
       Headbutt          ||    12
Invok: Berserk           ||     2
  Use: Scroll            ||     6
       Potion            ||     2
Armor: Animal skin       ||     5
       Leather armour    ||     4
Dodge: Dodged            ||    31

Table legend:
 A = Non-vault XP
 B = Vault XP
 C = Vault XP percentage of total XP
 D = Non-vault monster count
 E = Vault monster count
 F = Vault count percentage of total count
                 A         B        C        D         E       F
            +---------+---------+-------+---------+---------+-------
      Total |      62 |       3 |   4.6 |      31 |       2 |   6.1
            +---------+---------+-------+---------+---------+-------
        D:1 |      38 |       0 |   0.0 |      20 |       0 |   0.0
        D:2 |      22 |       3 |  12.0 |      10 |       2 |  16.7
        D:3 |       2 |       0 |   0.0 |       1 |       0 |   0.0
            +---------+---------+-------+---------+---------+-------
